ESL (28 & UNDER)
PENQUANNOCK OVERRATED JETER @ BUFFALO LIGHTSABRES
07/26/2029
 
TOP OF THE 1ST
Penquannock Overrated Jeter batting - Pitching for Buffalo LightSabres : RHP Roy Jordan
Pitching: RHP Roy Jordan
Batting: RHB Gary Wyatt 0-0: Ball
1-0: Called Strike
1-1: Ball
2-1: Ball
3-1: Base on Balls
Batting: SHB Joe Emery 0-0: Ball
1-0: Ball
2-0: Ball
3-0: Base on Balls
Gary Wyatt to second
Batting: LHB Félix Costa 0-0: Foul Ball, location: 2F
0-1: Ball
1-1: Ball
2-1: Ball
3-1: Swinging Strike
3-2: Foul Ball, location: 2F
3-2: Foul Ball, location: 2F
3-2: Fielders Choice at 2nd, 3-6 (Groundball, 34)
Gary Wyatt to third
Batting: SHB Cristián López 0-0: Ball
Félix Costa steals 2nd base
1-0: Fly out, F4 (Popup, 4MS)
Batting: SHB Tim Reid 0-0: Ball
1-0: Swinging Strike
1-1: Ball
2-1: Ball
3-1: Foul Ball, location: 2F
3-2: SINGLE (Groundball, 34D)
Gary Wyatt scores
Félix Costa to third
Félix Costa scores
Batting: LHB Eric Powell 0-0: Ball
1-0: Ball
2-0: Swinging Strike
2-1: Called Strike
2-2: Strikes out looking and he ARGUES THE CALL AND IS TOSSED!
Top of the 1st over - 2 runs, 1 hit, 0 errors, 1 left on base; Penquannock 2 - Buffalo 0
BOTTOM OF THE 1ST
Buffalo LightSabres batting - Pitching for Penquannock Overrated Jeter : RHP Dave Funk
Pitching: RHP Dave Funk
Now in RF: Matt Reese
Batting: RHB Earl Godwin 0-0: Called Strike
0-1: Called Strike
0-2: Foul Ball, location: 2F
0-2: SINGLE (Line Drive, 89S)
Batting: RHB Júlio López 0-0: Ball
1-0: Called Strike
1-1: Ball
2-1: Grounds into double play, 6-4-3 (Groundball, 6)
Batting: LHB Rob Davidson 0-0: Ball
1-0: Foul Ball, location: 2F
1-1: Ball
2-1: Foul Ball, location: 2F
2-2: Foul Ball, location: 2F
2-2: Ball
3-2: Base on Balls
Batting: RHB Augusto Padilla 0-0: Ball
1-0: Ball
2-0: Called Strike
2-1: Swinging Strike
2-2: SINGLE (Line Drive, 34D)
Rob Davidson to second
Batting: LHB Tim Griffith 0-0: Swinging Strike
0-1: Swinging Strike
0-2: Strikes out looking
Bottom of the 1st over - 0 runs, 2 hits, 0 errors, 2 left on base; Penquannock 2 - Buffalo 0
TOP OF THE 2ND
Penquannock Overrated Jeter batting - Pitching for Buffalo LightSabres : RHP Roy Jordan
Batting: LHB Pepe González 0-0: Ball
1-0: Ball
2-0: Called Strike
2-1: Called Strike
2-2: Ball
3-2: Foul Ball, location: 2F
3-2: Base on Balls
Batting: RHB Phil Wright 0-0: Called Strike
0-1: Ball
1-1: Ball
2-1: Ball
3-1: Called Strike
3-2: SINGLE (Groundball, 6MD)
Pepe González to second
Runner from 2nd tries for 3rd, SAFE, throw made to third
Batting: LHB Roberto Trujillo 0-0: Ball
1-0: Called Strike
1-1: Called Strike
1-2: Ball
2-2: Fly out, F7 (Flyball, 7)
Runner from 3rd tags up, SCORES, throw made
Batting: RHB Gary Wyatt 0-0: Swinging Strike
0-1: Ball
1-1: Ball
2-1: Ball
3-1: Swinging Strike
3-2: Strikes out looking
Batting: SHB Joe Emery Pickoff Throw to First - Out!
Top of the 2nd over - 1 run, 1 hit, 0 errors, 0 left on base; Penquannock 3 - Buffalo 0
BOTTOM OF THE 2ND
Buffalo LightSabres batting - Pitching for Penquannock Overrated Jeter : RHP Dave Funk
Batting: RHB Abraham Hardy 0-0: Fly out, F7 (Flyball, 7S)
Batting: RHB Alfredo Villegas 0-0: Ball
1-0: Called Strike
1-1: Ball
2-1: Foul Ball, location: 2F
2-2: Ball
3-2: Foul Ball, location: 2F
3-2: Foul Ball, location: 2F
3-2: Strikes out swinging
Batting: LHB Emílio Montoya 0-0: Ball
1-0: Swinging Strike
1-1: Ball
2-1: Ball
3-1: Base on Balls
Batting: RHB Daniel Riddle 0-0: Ball
1-0: SINGLE (Line Drive, 7LS)
Emílio Montoya to second
Batting: RHB Earl Godwin 0-0: Ball
1-0: Foul Ball, location: 2F
1-1: Called Strike
1-2: Foul Ball, location: 2F
1-2: SINGLE (Line Drive, 56D)
Emílio Montoya to third
Daniel Riddle to second
Batting: RHB Júlio López 0-0: Ball
1-0: Ball
2-0: Ball
3-0: Base on Balls
Emílio Montoya scores
Daniel Riddle to third
Earl Godwin to second
Batting: LHB Rob Davidson 0-0: Fly out, F8 (Flyball, 8LD)
Bottom of the 2nd over - 1 run, 2 hits, 0 errors, 3 left on base; Penquannock 3 - Buffalo 1
TOP OF THE 3RD
Penquannock Overrated Jeter batting - Pitching for Buffalo LightSabres : RHP Roy Jordan
Batting: SHB Joe Emery 0-0: Called Strike
0-1: Swinging Strike
0-2: Foul Ball, location: 2F
0-2: Fly out, F9 (Flyball, 9S)
Batting: LHB Félix Costa 0-0: Called Strike
0-1: Swinging Strike
0-2: Strikes out swinging
Batting: SHB Cristián López 0-0: Called Strike
0-1: Foul Ball, location: 2F
0-2: Foul Ball, location: 2F
0-2: Ball
1-2: Fly out, F9 (Flyball, 9)
Top of the 3rd over - 0 runs, 0 hits, 0 errors, 0 left on base; Penquannock 3 - Buffalo 1
BOTTOM OF THE 3RD
Buffalo LightSabres batting - Pitching for Penquannock Overrated Jeter : RHP Dave Funk
Batting: RHB Augusto Padilla 0-0: Called Strike
0-1: Foul Ball, location: 2F
0-2: Ball
1-2: SINGLE (Flyball, 7S)
Batting: LHB Tim Griffith 0-0: Ball
1-0: Ball
2-0: Called Strike
2-1: Ball
3-1: Foul Ball, location: 2F
3-2: Strikes out swinging
Batting: RHB Abraham Hardy 0-0: Called Strike
0-1: Swinging Strike
0-2: Ball
1-2: Foul Ball, location: 2F
1-2: Fly out, F9 (Line Drive, 9)
Batting: RHB Alfredo Villegas 0-0: Fielders Choice at 2nd, 5-4 (Groundball, 5)
Bottom of the 3rd over - 0 runs, 1 hit, 0 errors, 1 left on base; Penquannock 3 - Buffalo 1
TOP OF THE 4TH
Penquannock Overrated Jeter batting - Pitching for Buffalo LightSabres : RHP Roy Jordan
Batting: SHB Tim Reid 0-0: Called Strike
0-1: SINGLE (Groundball, 6MD)
Batting: LHB Matt Reese 0-0: Ball
1-0: Ball
2-0: Called Strike
2-1: Called Strike
2-2: Hit by Pitch
Tim Reid to second
Batting: LHB Pepe González 0-0: Ball
1-0: Swinging Strike
1-1: Ground out 4-3 (Groundball, 34D)
Tim Reid to third
Matt Reese to second
Batting: RHB Phil Wright 0-0: Called Strike
0-1: Ball
1-1: Ball
2-1: DOUBLE (Flyball, 8RXD)
Tim Reid scores
Matt Reese scores
Batting: LHB Roberto Trujillo 0-0: Ball
1-0: Ball
2-0: Ball
3-0: Called Strike
3-1: Base on Balls
Pitching: RHP Pat Jackson
Batting: RHB Gary Wyatt 0-0: Swinging Strike
0-1: Swinging Strike
0-2: Strikes out swinging
Batting: SHB Joe Emery 0-0: Ball
1-0: Called Strike
1-1: Fly out, F8 (Flyball, 89D)
Top of the 4th over - 2 runs, 2 hits, 0 errors, 2 left on base; Penquannock 5 - Buffalo 1
BOTTOM OF THE 4TH
Buffalo LightSabres batting - Pitching for Penquannock Overrated Jeter : RHP Dave Funk
Batting: LHB Emílio Montoya 0-0: Foul Ball, location: 2F
0-1: Ball
1-1: Ball
2-1: Called Strike
2-2: Ball
3-2: DOUBLE (Line Drive, 7LM)
Batting: RHB Daniel Riddle 0-0: Ball
1-0: Ball
2-0: Ball
3-0: Called Strike
3-1: Base on Balls
Batting: RHB Earl Godwin 0-0: Ball
1-0: Fly out, F8 (Flyball, 89M)
Runner from 2nd tags up, SAFE at 3rd with throw
Batting: RHB Júlio López 0-0: Ball
1-0: Ball
2-0: Foul Ball, location: 2F
2-1: SINGLE (Groundball, 4MD)
Emílio Montoya scores
Daniel Riddle to second
Batting: LHB Rob Davidson 0-0: Ball
1-0: Called Strike
1-1: Hit by Pitch
Daniel Riddle to third
Júlio López to second
Batting: RHB Augusto Padilla 0-0: Called Strike
0-1: Ball
1-1: Called Strike
1-2: Foul Ball, location: 2F
1-2: Ball
2-2: Ball
3-2: Fly out, F9 (Flyball, 89M)
Runner from 3rd tags up, SCORES, throw made
Batting: LHB Tim Griffith 0-0: Ball
1-0: Ball
2-0: Called Strike
2-1: SINGLE (Groundball, 6MD)
Júlio López to third
Rob Davidson to second
Runner from 3rd tries for Home, SAFE, no throw
Batting: RHB Abraham Hardy 0-0: Ball
1-0: Called Strike
1-1: Ball
2-1: Called Strike
2-2: Foul Ball, location: 2F
2-2: Foul Ball, location: 2F
2-2: Ball
3-2: Base on Balls
Rob Davidson to third
Tim Griffith to second
Pitching: RHP Ramiro Vargas
Batting: RHB Alfredo Villegas 0-0: Ball
1-0: Called Strike
1-1: Fly out, F8 (Line Drive, 8LM)
Bottom of the 4th over - 3 runs, 3 hits, 0 errors, 3 left on base; Penquannock 5 - Buffalo 4
TOP OF THE 5TH
Penquannock Overrated Jeter batting - Pitching for Buffalo LightSabres : RHP Pat Jackson
Batting: LHB Félix Costa 0-0: Swinging Strike
0-1: Foul Ball, location: 2F
0-2: Ball
1-2: Ball
2-2: Ball
3-2: Base on Balls
Batting: SHB Cristián López 0-0: Called Strike
0-1: Foul Ball, location: 2F
0-2: Strikes out swinging
Batting: SHB Tim Reid 0-0: Ball
Félix Costa is caught stealing 2nd base
1-0: Ball
2-0: Called Strike
2-1: Ball
3-1: Foul Ball, location: 2F
3-2: Base on Balls
Batting: LHB Matt Reese 0-0: Called Strike
0-1: Foul Ball, location: 2F
0-2: Ball
1-2: Ball
2-2: Strikes out swinging
Top of the 5th over - 0 runs, 0 hits, 0 errors, 1 left on base; Penquannock 5 - Buffalo 4
BOTTOM OF THE 5TH
Buffalo LightSabres batting - Pitching for Penquannock Overrated Jeter : RHP Ramiro Vargas
Batting: LHB Emílio Montoya 0-0: SINGLE (Flyball, 78M)
Batting: RHB Daniel Riddle 0-0: Called Strike
0-1: Foul Ball, location: 2F
0-2: Ball
1-2: Strikes out swinging
Batting: RHB Earl Godwin 0-0: Ball
1-0: Called Strike
Emílio Montoya steals 2nd base
1-1: Ball
2-1: Foul Ball, location: 2F
2-2: Ball
3-2: Foul Ball, location: 2F
3-2: Foul Ball, location: 2F
3-2: Strikes out swinging
Batting: RHB Júlio López 0-0: Called Strike
0-1: Swinging Strike
0-2: Ball
1-2: Ball
2-2: Ball
3-2: Strikes out looking
Bottom of the 5th over - 0 runs, 1 hit, 0 errors, 1 left on base; Penquannock 5 - Buffalo 4
TOP OF THE 6TH
Penquannock Overrated Jeter batting - Pitching for Buffalo LightSabres : RHP Pat Jackson
Batting: LHB Pepe González 0-0: SINGLE (Groundball, 34) (infield hit)
Batting: RHB Phil Wright 0-0: Ball
1-0: Called Strike
Pepe González is caught stealing 2nd base
1-1: Called Strike
1-2: Foul Ball, location: 2F
1-2: Foul Ball, location: 2F
1-2: Strikes out swinging
Batting: LHB Roberto Trujillo 0-0: Ball
1-0: Fly out, F6 (Flyball, 56D)
Top of the 6th over - 0 runs, 1 hit, 0 errors, 0 left on base; Penquannock 5 - Buffalo 4
BOTTOM OF THE 6TH
Buffalo LightSabres batting - Pitching for Penquannock Overrated Jeter : RHP Ramiro Vargas
Batting: LHB Rob Davidson 0-0: Called Strike
0-1: Called Strike
0-2: Foul Ball, location: 2F
0-2: Ball
1-2: Strikes out swinging
Batting: RHB Augusto Padilla 0-0: Ball
1-0: Ground out 6-3 (Groundball, 6M)
Batting: LHB Tim Griffith 0-0: Ball
1-0: Called Strike
1-1: Called Strike
1-2: Ball
2-2: Strikes out looking
Bottom of the 6th over - 0 runs, 0 hits, 0 errors, 0 left on base; Penquannock 5 - Buffalo 4
TOP OF THE 7TH
Penquannock Overrated Jeter batting - Pitching for Buffalo LightSabres : RHP Pat Jackson
Batting: RHB Gary Wyatt 0-0: Ball
1-0: SINGLE (Groundball, 3D)
Batting: SHB Joe Emery 0-0: Called Strike
0-1: Called Strike
0-2: SINGLE (Groundball, 3D)
Gary Wyatt to second
Runner from 2nd tries for 3rd, SAFE, throw made to third
Batting: LHB Félix Costa 0-0: Ball
1-0: Ball
2-0: Called Strike
2-1: DOUBLE (Line Drive, 9LD)
Gary Wyatt scores
Joe Emery to third
Runner from 3rd tries for Home, SAFE, no throw
Pitching: RHP Ben Graham
Batting: SHB Cristián López 0-0: Ball
1-0: Ball
2-0: Ball
Wild Pitch!
Félix Costa to third
3-0: Called Strike
3-1: Called Strike
3-2: SINGLE (Groundball, 4D)
Félix Costa scores
Batting: SHB Tim Reid 0-0: Grounds into double play, 4-6-3 (Groundball, 4M)
Batting: LHB Matt Reese 0-0: Swinging Strike
0-1: Called Strike
0-2: Ball
1-2: Strikes out swinging
Top of the 7th over - 3 runs, 4 hits, 0 errors, 0 left on base; Penquannock 8 - Buffalo 4
BOTTOM OF THE 7TH
Buffalo LightSabres batting - Pitching for Penquannock Overrated Jeter : RHP Ramiro Vargas
Batting: RHB Abraham Hardy 0-0: Ball
1-0: Ground out 4-3 (Groundball, 4)
Batting: RHB Alfredo Villegas 0-0: SINGLE (Line Drive, 56)
Batting: LHB Emílio Montoya 0-0: Ball
Alfredo Villegas is caught stealing 2nd base
1-0: Called Strike
1-1: Ball
2-1: Fly out, F9 (Flyball, 9LSF)
Bottom of the 7th over - 0 runs, 1 hit, 0 errors, 0 left on base; Penquannock 8 - Buffalo 4
TOP OF THE 8TH
Penquannock Overrated Jeter batting - Pitching for Buffalo LightSabres : RHP Ben Graham
Batting: LHB Pepe González 0-0: Called Strike
0-1: Fly out, F9 (Flyball, 9S)
Batting: RHB Phil Wright 0-0: Ball
1-0: Swinging Strike
1-1: Ball
2-1: SINGLE (Groundball, 56D)
Batting: LHB Roberto Trujillo 0-0: Ball
1-0: Called Strike
1-1: SINGLE (Line Drive, 9LM)
Phil Wright to second
Batting: RHB Gary Wyatt 0-0: Ball
1-0: Ball
2-0: Called Strike
2-1: SINGLE (Flyball, 7LS)
Phil Wright to third
Roberto Trujillo to second
Batting: SHB Joe Emery 0-0: Ball
1-0: SINGLE (Groundball, 34D)
Phil Wright scores
Roberto Trujillo to third
Gary Wyatt to second
Pitching: RHP Jerry Catron
Batting: LHB Félix Costa 0-0: Ball
1-0: Foul Ball, location: 2F
1-1: Called Strike
1-2: Foul Ball, location: 2F
1-2: Grounds into fielders choice 5-2 (Groundball, 5)
Gary Wyatt to third
Joe Emery to second
Batting: SHB Cristián López 0-0: Swinging Strike
0-1: Ball
1-1: Swinging Strike
1-2: Ball
2-2: Strikes out swinging
Top of the 8th over - 1 run, 4 hits, 0 errors, 3 left on base; Penquannock 9 - Buffalo 4
BOTTOM OF THE 8TH
Buffalo LightSabres batting - Pitching for Penquannock Overrated Jeter : RHP Ramiro Vargas
Pitching: RHP John Kelly
Batting: RHB Daniel Riddle 0-0: Called Strike
0-1: Swinging Strike
0-2: Foul Ball, location: 2F
0-2: Ball
1-2: Strikes out swinging
Batting: RHB Earl Godwin 0-0: Called Strike
0-1: Ground out U3 (Groundball, 3)
Batting: RHB Júlio López 0-0: Ball
1-0: Ball
2-0: Swinging Strike
2-1: Ball
3-1: Base on Balls
Batting: LHB Rob Davidson 0-0: Ball
1-0: Foul Ball, location: 2F
1-1: Swinging Strike
1-2: Ball
2-2: Ball
3-2: Foul Ball, location: 2F
3-2: Base on Balls
Júlio López to second
Batting: RHB Augusto Padilla 0-0: Ball
1-0: 3-RUN HOME RUN (Flyball, 9LD), Distance : 356 ft
Pitching: LHP Héctor Díaz
Batting: LHB Tim Griffith 0-0: Ball
1-0: Called Strike
1-1: Swinging Strike
1-2: Strikes out swinging
Bottom of the 8th over - 3 runs, 1 hit, 0 errors, 0 left on base; Penquannock 9 - Buffalo 7
TOP OF THE 9TH
Penquannock Overrated Jeter batting - Pitching for Buffalo LightSabres : RHP Jerry Catron
Batting: SHB Tim Reid 0-0: Ball
1-0: SINGLE (Groundball, 4MD)
Batting: LHB Matt Reese 0-0: Ball
1-0: Fly out, F7 (Flyball, 7LM)
Batting: LHB Pepe González 0-0: Ball
1-0: Ball
2-0: Ball
3-0: Base on Balls
Tim Reid to second
Batting: RHB Phil Wright 0-0: Called Strike
0-1: Ball
1-1: Ball
2-1: Swinging Strike
2-2: SINGLE (Groundball, 4MD)
Tim Reid to third
Pepe González to second
Runner from 3rd tries for Home, SAFE, throw made home
Batting: LHB Roberto Trujillo 0-0: Called Strike
Pepe González steals 3rd base
0-1: Ball
1-1: Swinging Strike
1-2: Ball
2-2: Ball
3-2: SINGLE (Line Drive, 56D)
Pepe González scores
Phil Wright to second
Phil Wright to third
Pitching: RHP Gavin Robbins
Batting: RHB Gary Wyatt 0-0: Ball
1-0: Ball
2-0: Called Strike
2-1: Foul Ball, location: 2F
2-2: Foul Ball, location: 2F
2-2: Strikes out swinging
Batting: SHB Joe Emery 0-0: Ball
1-0: Ball
2-0: Swinging Strike
2-1: Ball
3-1: Foul Ball, location: 2F
3-2: Strikes out looking
Top of the 9th over - 2 runs, 3 hits, 0 errors, 2 left on base; Penquannock 11 - Buffalo 7
BOTTOM OF THE 9TH
Buffalo LightSabres batting - Pitching for Penquannock Overrated Jeter : LHP Héctor Díaz
Now at 3B: Pete Weber
Batting: RHB Abraham Hardy 0-0: Called Strike
0-1: Foul Ball, location: 2F
0-2: Ball
1-2: Ball
2-2: Strikes out swinging
Batting: RHB Alfredo Villegas 0-0: DOUBLE (Flyball, 78XD)
Batting: LHB Emílio Montoya 0-0: Ball
1-0: Called Strike
1-1: Foul Ball, location: 2F
1-2: Ball
2-2: Strikes out swinging
Batting: RHB Daniel Riddle 0-0: Ball
1-0: Ball
2-0: Ball
3-0: Called Strike
3-1: Base on Balls
Batting: RHB Earl Godwin 0-0: Ball
1-0: Ball
2-0: Ball
3-0: Base on Balls
Alfredo Villegas to third
Daniel Riddle to second
Batting: RHB Júlio López 0-0: Ball
1-0: Ball
2-0: Called Strike
2-1: Fly out, F7 (Line Drive, 78M)
Bottom of the 9th over - 0 runs, 1 hit, 0 errors, 3 left on base; Penquannock 11 - Buffalo 7
Saturday, December 16th, 2017 - OOTP Baseball 18.8 Build 76